 Seeded DCSS version 0.31-a0-667-g3972659 (webtiles) character file.

Game seed: 466240556410076825 (custom seed)

7140 Rogue the Spear-Bearer (level 11, -7/89 HPs)
             Began as a Gnoll Chaos Knight on Sept 3, 2023.
             Was a Plaything of Xom.
             Mangled by a manticore (16 damage)
             ... in a Gauntlet.
             The game lasted 01:11:45 (7511 turns).

Rogue the Spear-Bearer (Gnoll Chaos Knight)         Turns: 7511, Time: 01:11:46

Health: -7/89      AC: 14    Str: 16    XL:     11   Next: 10%
Magic:  0/20       EV: 11    Int: 16    God:    Xom [....*.]
Gold:   514        SH: 15    Dex: 15    Spells: 22/22 levels left

rFire   + . .        a - +2 spear (chaos)
rCold   . . .        T - +1 tower shield of the Ego {Int+6}
rNeg    . . .        k - +0 leather armour {Will+}
rPois   .            l - +2 helmet
rElec   .            r - +1 cloak
rCorr   .            O - +0 pair of gloves
SInv    .            t - +0 pair of boots
Will    +....        M - amulet of guardian spirit
Stlth   +++          f - ring of flight
HPRegen 0.00/turn    o - +4 ring of slaying
MPRegen 0.17/turn

%: no teleportation, guardian spirit
@: flying, inhibited regen
A: fangs 1, strong nose, distributed training, iridescent scales 1, agile 1,
fire resistance 1, inhibited regeneration
a: Renounce Religion


You were in a Gauntlet.
You worshipped Xom.
You were a beloved toy of Xom.
You visited 3 branches of the dungeon, and saw 11 of its levels.
You also visited: Sewer and Gauntlet.

You collected 514 gold pieces.

Inventory:

Hand Weapons
 a - a +2 spear of chaos (weapon)
 n - a +0 sling of draining
 x - a +4 sling of freezing
 G - the +1 morningstar "Beastbane" {flame, *Noise rN++ Int+4}
   (You found it on level 5 of the Dungeon)

   Int+4:     It affects your intelligence (+4).
   rN++:      It greatly protects you from negative energy.
   *Noise:    It may make a loud noise when swung.
 Q - a +3 trident of draining
 U - the +0 hand axe of the Distant Future {pain, rElec Will+ Str+5 Dex+4}
   (You found it on level 8 of the Dungeon)

   Str+5:     It affects your strength (+5).
   Dex+4:     It affects your dexterity (+4).
   rElec:     It insulates you from electricity.
   Will+:     It increases your willpower.
Missiles
 v - a throwing net
 L - 8 boomerangs
 N - 24 poisoned darts
 V - 4 atropa-tipped darts (quivered)
Armour
 b - a +2 leather armour
 d - a +0 troll leather armour {Pargi}
 k - a +0 leather armour of willpower (worn)
 l - a +2 helmet (worn)
 r - a +1 cloak (worn)
 t - a +0 pair of boots (worn)
 w - a +1 buckler
 y - an orb of light
 D - +0 steam dragon scales
 O - a +0 pair of gloves (worn)
 R - an orb of energy
 T - the +1 tower shield of the Ego (worn) {Int+6}
   (You took it off an orc on level 8 of the Dungeon)

   Int+6:     It affects your intelligence (+6).
 W - a +2 leather armour of fire resistance
Magical Staves
 A - a staff of cold
Jewellery
 c - an amulet of regeneration
 f - a ring of flight (left hand)
 o - a +4 ring of slaying (right hand)
 E - an amulet of faith
 M - an amulet of guardian spirit (around neck)
 S - a +6 ring of intelligence
Talismans
 s - a flux talisman
Wands
 C - a wand of digging (6)
 J - a wand of quicksilver (5)
 P - a wand of polymorph (7)
Scrolls
 e - 2 scrolls of poison
 h - a scroll of amnesia
 q - a scroll of fear
 F - 2 scrolls of immolation
 H - a scroll of blinking {unknown}
 I - a scroll of teleportation
Potions
 g - 2 potions of curing
 i - 4 potions of enlightenment
 j - a potion of mutation {unknown}
 m - 2 potions of brilliance
 p - a potion of magic {unknown}
 u - a potion of might {unknown}
 z - a potion of degeneration
 B - a potion of cancellation
 K - a potion of haste {unknown}


   Skills:
 + Level 9.0 Fighting
 + Level 6.1 Short Blades
 + Level 6.1 Long Blades
 + Level 6.1 Axes
 + Level 6.1 Maces & Flails
 + Level 9.0 Polearms
 + Level 6.1 Staves
 + Level 6.1 Ranged Weapons
 + Level 6.1 Throwing
 + Level 7.7 Armour
 + Level 6.6 Dodging
 + Level 6.1 Stealth
 + Level 6.1 Shields
 + Level 6.1 Unarmed Combat
 + Level 6.1 Spellcasting
 + Level 5.0 Conjurations
 + Level 5.0 Hexes
 + Level 5.0 Summonings
 + Level 5.0 Necromancy
 + Level 5.0 Translocations
 + Level 5.0 Transmutations
 + Level 5.0 Fire Magic
 + Level 5.0 Ice Magic
 + Level 5.0 Air Magic
 + Level 5.0 Earth Magic
 + Level 5.0 Poison Magic
 + Level 6.6 Invocations
 + Level 6.1 Evocations
 + Level 5.5 Shapeshifting


You had 22 spell levels left.
You didn't know any spells.
Your spell library was empty.

Dungeon Overview and Level Annotations

Branches:
Dungeon (9/15)             Temple (1/1) D:6            Lair (1/5) D:8
  Sewer (visited)         Gauntlet (1/1)
    Orc: D:9-12

Altars:
Ashenzari
Dithmenos
Elyvilon
Fedhas
Gozag
Hepliaklqana
Kikubaaqudgha
Makhleb
Nemelex Xobeh
Okawaru
Qazlal
Ru
Sif Muna
Trog
Uskayaw
Vehumet
Wu Jian
Xom
Yredelemnul
Zin
The Shining One

Annotations:
Gauntlet 11 transporters, 1 runed translucent door


Innate Abilities, Weirdness & Mutations

You have very sharp teeth.
Your uncanny sense of smell can sniff out nearby items.
Your experience applies equally to all skills.
You are partially covered in iridescent scales. (AC +2)
You are agile. (Dex +4, Str/Int -1)
Your flesh is heat resistant. (rF+)
You do not regenerate when monsters are visible.


Message History

The atropa-tipped dart hits the shadow imp.
The shadow imp appears confused.
The shadow imp is moderately wounded.
The manticore bites you. You block the manticore's attack.
The manticore claws you.
Throw: 5 darts (atropa)
Press: ? - help, Q - select action, (/) - cycle Shift-Dir - straight line, f/p - manticore
Aim: a manticore (moderately wounded, berserk, unusually agile, 62% to hit, chance to blind on hit: 43%)
You throw an atropa-tipped dart.
The atropa-tipped dart closely misses the manticore.
The shadow imp seems less confused.
The manticore bites you!
You block the manticore's attack. x2; The manticore bites you.
The manticore closely misses you. The manticore barely misses you.
Unknown command.
You puncture the manticore!
Lightning courses through the manticore!!
The manticore is severely wounded.
The manticore closely misses you. You block the manticore's attack. x2
You hit the manticore.
The manticore is poisoned.
You bite the manticore.
The manticore is severely wounded.
The manticore bites you!
* * * LOW HITPOINT WARNING * * *
You block the manticore's attack.
The manticore claws you but does no damage.
The manticore barely misses you. The manticore claws you!
* * * LOW HITPOINT WARNING * * *
You block the manticore's attack.
The shadow imp shouts, "Out, out, thou wayward toenail-biting harpy!"
You feel better.
The shadow imp is no longer blind.
The manticore bites you.
* * * LOW HITPOINT WARNING * * *
The manticore claws you but does no damage.
The manticore closely misses you.
Unknown command.
Okay, then.
You feel better. The manticore bites you!
* * * LOW HITPOINT WARNING * * *
You block the manticore's attack. x2; The manticore completely misses you.
The manticore claws you!
You die...
Xom guffaws!

#≈..###########..#^.$©.(
##......#©#......#..####
#≈......#©#......#.#..^#
##..###########..#.#.©.#
#≈..#....©?"..#..#.#b..#
##..#.#.....#.#..#.####.
#≈..#.##...##.#..#bt....
##..#..#####..#..#######
#≈..#..@H5...(#......©..
##..#..##.##..#.§.......
#≈..#.##5..##.#..≈#≈#≈#≈
##§.#.#..H..#.#..#######
#§§.#.........#..≈#
##§.###########..##
#≈.......©.....∩.§#
##......§§§......##
##≈#≈#≈#≈#≈#≈#≈##


You could see a manticore (berserk, agile, very poisoned) and a shadow imp.

Vanquished Creatures
  Maurice (D:8)
  Joseph (D:8)
  The ghost of strontium90w the Poker, a novice GnCK of Xom (D:5)
  A cane toad (Lair:1)
  Jeremiah (D:7)
  An orange demon (D:8)
  An unseen horror (D:5)
  A culicivora (D:8)
  5 yaks (D:8)
  A basilisk (Lair:1)
  3 steam dragons
  2 water moccasins
  A warg (D:8)
  Duvessa (D:5)
  Pargi (Sewer)
  2 orc warriors (D:8)
  3 ice beasts
  2 black bears
  An ogre (D:4)
  A centaur (D:8)
  A phantom (D:5)
  2 kobold brigands
  3 bullfrogs (Lair:1)
  A scorpion (D:4)
  11 wights (D:8)
  Dowan (D:5)
  6 killer bees (D:7)
  3 howler monkeys
  2 jellies
  3 hounds
  2 orc priests (D:8)
  3 iguanas
  8 orc wizards
  A sleepcap (D:4)
  Ijyb (D:4)
  Natasha (D:2)
  Robin (D:2)
  11 adders
  2 worms
  2 dart slugs
  19 orcs
  3 endoplasms
  4 giant cockroaches
  15 goblins
  15 hobgoblins
  6 jackals
  6 quokkas
  5 ball pythons
  3 bats
  3 frilled lizards
  16 kobolds
  7 rats
198 creatures vanquished.

Vanquished Creatures (collateral kills)
  Natasha (D:2)
1 creature vanquished.

Vanquished Creatures (others)
  A warg (D:8)
  A wight (D:8)
  An adder zombie (D:2)
3 creatures vanquished.

Grand Total: 202 creatures vanquished

Notes
Turn   | Place    | Note
-------+----------+-------------------------------------------
     0 | D:1      | Rogue the Gnoll Chaos Knight began the quest for the Orb.
     0 | D:1      | Reached XP level 1. HP: 23/23 MP: 1/1
    40 | D:1      | XOM: silly message
   159 | D:1      | Reached XP level 2. HP: 29/29 MP: 2/2
   822 | D:2      | Noticed Natasha
   823 | D:2      | Noticed Robin
   866 | D:2      | Reached XP level 3. HP: 35/35 MP: 3/3
   917 | D:2      | Killed Natasha
   918 | D:2      | Reached skill level 1 in Short Blades
   918 | D:2      | Reached skill level 1 in Long Blades
   918 | D:2      | Reached skill level 1 in Axes
   918 | D:2      | Reached skill level 1 in Maces & Flails
   918 | D:2      | Reached skill level 1 in Staves
   918 | D:2      | Reached skill level 1 in Ranged Weapons
   918 | D:2      | Reached skill level 1 in Throwing
   918 | D:2      | Reached skill level 1 in Stealth
   918 | D:2      | Reached skill level 1 in Shields
   918 | D:2      | Reached skill level 1 in Unarmed Combat
   918 | D:2      | Reached skill level 1 in Spellcasting
   918 | D:2      | Reached skill level 1 in Invocations
   918 | D:2      | Reached skill level 1 in Evocations
   921 | D:2      | Reached XP level 4. HP: 20/41 MP: 3/5
   938 | D:2      | Reached skill level 1 in Shapeshifting
  1015 | D:2      | Noticed Natasha
  1026 | D:2      | XOM: cast spell 'Summon Mana Viper'
  1028 | D:2      | Killed Natasha
  1029 | D:2      | Reached skill level 1 in Conjurations
  1029 | D:2      | Reached skill level 1 in Hexes
  1029 | D:2      | Reached skill level 1 in Summonings
  1029 | D:2      | Reached skill level 1 in Necromancy
  1029 | D:2      | Reached skill level 1 in Translocations
  1029 | D:2      | Reached skill level 1 in Transmutations
  1029 | D:2      | Reached skill level 1 in Fire Magic
  1029 | D:2      | Reached skill level 1 in Ice Magic
  1029 | D:2      | Reached skill level 1 in Air Magic
  1029 | D:2      | Reached skill level 1 in Earth Magic
  1029 | D:2      | Reached skill level 1 in Poison Magic
  1041 | D:2      | Noticed Natasha
  1045 | D:2      | XOM: enchant monster (bad)
  1048 | D:2      | Natasha changed into Natasha the iguana
  1048 | D:2      | Noticed Natasha
  1051 | D:2      | Killed Natasha the iguana
  1052 | D:2      | Reached XP level 5. HP: 21/47 MP: 6/6
  1146 | D:2      | Killed Robin
  1181 | D:2      | XOM: give mutations
  1181 | D:2      | Gained mutation: You are partially covered in iridescent
                  | scales. (AC +2) [Xom's mischief]
  1181 | D:2      | Gained mutation: You do not regenerate when monsters are
                  | visible. [Xom's mischief]
  1190 | D:2      | XOM: 9-stop teleportation journey
  1454 | D:2      | XOM: summons 3 hostile demons
  1455 | D:2      | Noticed a rust devil
  1750 | D:3      | XOM: summons 3 hostile demons
  1751 | D:3      | Noticed a hellwing
  2170 | D:3      | XOM: give mutations
  2170 | D:3      | Gained mutation: You are agile. (Dex +4, Str/Int -1) [Xom's
                  | mischief]
  2170 | D:3      | Gained mutation: Your flesh is heat resistant. (rF+) [Xom's
                  | mischief]
  2340 | D:4      | Found a glowing drain.
  2356 | Sewer    | Entered a sewer
  2360 | Sewer    | Noticed Pargi
  2368 | Sewer    | Killed Pargi
  2369 | Sewer    | Reached skill level 5 in Armour
  2369 | Sewer    | Reached XP level 6. HP: 51/53 MP: 8/8
  2605 | D:4      | Reached XP level 7. HP: 34/59 MP: 10/10
  2664 | D:4      | XOM: silly message
  2676 | D:4      | Noticed Ijyb
  2679 | D:4      | XOM: potion effect (haste)
  2701 | D:4      | Killed Ijyb
  3039 | D:4      | Noticed a steam dragon
  3051 | D:4      | Killed a steam dragon
  3068 | D:4      | XOM: divination: detect items
  3111 | D:4      | Found a radiant altar of Vehumet.
  3261 | D:4      | Found a glowing golden altar of the Shining One.
  3463 | D:5      | Entered Level 5 of the Dungeon
  3687 | D:5      | XOM: cloud trail
  3797 | D:5      | XOM: silly message
  3875 | D:5      | Found a runed translucent door.
  3876 | D:5      | Noticed strontium90w's ghost (novice GnCK)
  3932 | D:5      | Reached XP level 8. HP: 66/67 MP: 12/12
  4054 | D:5      | Noticed Duvessa
  4056 | D:5      | Noticed Dowan
  4078 | D:5      | Killed Duvessa
  4087 | D:5      | Killed Dowan
  4227 | D:5      | XOM: divination: magic mapping
  4245 | D:5      | XOM: god gift: scroll labelled VEPTIL GIAPS {god gift}
  4479 | D:5      | XOM: cloud trail
  4510 | D:5      | Noticed an unseen horror
  4513 | D:5      | Killed an unseen horror
  4527 | D:5      | Killed strontium90w's ghost
  4528 | D:5      | Reached XP level 9. HP: 69/73 MP: 14/14
  4536 | D:5      | Identified the +1 morningstar "Beastbane" {flame, *Noise
                  | rN++ Int+4}
  4660 | D:6      | Found a staircase to the Ecumenical Temple.
  4677 | Temple   | Entered the Ecumenical Temple
  4727 | D:6      | XOM: divination: magic mapping
  4761 | D:6      | XOM: confuse monster(s)
  5397 | D:7      | Reached skill level 5 in Dodging
  5659 | D:7      | XOM: noise
  5765 | D:7      | Found an ornate altar of the Wu Jian Council.
  5770 | D:7      | Found a sparkling altar of Nemelex Xobeh.
  5978 | D:7      | Noticed Jeremiah
  6044 | D:7      | XOM: stat loss: -1 Dex (14/15)
  6050 | D:7      | Killed Jeremiah
  6051 | D:7      | Reached skill level 5 in Invocations
  6310 | D:8      | Noticed Joseph
  6310 | D:8      | Noticed Amaemon
  6312 | D:8      | XOM: repel stairs
  6314 | D:8      | XOM: smoke on damage
  6316 | D:8      | Found a staircase to the Lair.
  6318 | D:8      | XOM: noise
  6321 | D:8      | XOM: polymorph warg -> black bear
  6322 | D:8      | XOM: draining
  6328 | D:8      | XOM: enchant monster (good)
  6330 | D:8      | XOM: enchant monster (good)
  6339 | D:8      | Noticed an orange demon
  6345 | D:8      | XOM: cleaving
  6435 | D:8      | Found a burning altar of Makhleb.
  6435 | D:8      | XOM: 1-stop teleportation journey
  6440 | D:8      | Reached XP level 10. HP: 80/80 MP: 17/17
  6450 | D:8      | Reached skill level 5 in Short Blades
  6450 | D:8      | Reached skill level 5 in Long Blades
  6450 | D:8      | Reached skill level 5 in Axes
  6450 | D:8      | Reached skill level 5 in Maces & Flails
  6450 | D:8      | Reached skill level 5 in Staves
  6450 | D:8      | Reached skill level 5 in Ranged Weapons
  6450 | D:8      | Reached skill level 5 in Throwing
  6450 | D:8      | Reached skill level 5 in Stealth
  6450 | D:8      | Reached skill level 5 in Shields
  6450 | D:8      | Reached skill level 5 in Unarmed Combat
  6450 | D:8      | Reached skill level 5 in Spellcasting
  6450 | D:8      | Reached skill level 5 in Evocations
  6453 | D:8      | XOM: god gift: 34 gold pieces
  6472 | D:8      | Identified the +1 tower shield of the Ego {Int+6}
  6507 | D:8      | Noticed Maurice
  6508 | D:8      | XOM: cast spell 'Olgreb's Toxic Radiance'
  6515 | D:8      | Killed Joseph
  6521 | D:8      | XOM: summons friendly quasit
  6522 | D:8      | Killed Maurice
  6546 | D:8      | Amaemon changed into Amaemon the culicivora
  6546 | D:8      | Noticed Amaemon
  6546 | D:8      | XOM: polymorph Amaemon -> Amaemon the culicivora
  6547 | D:8      | Killed Amaemon the culicivora
  6548 | D:8      | Killed an orange demon
  6549 | D:8      | Reached skill level 5 in Shapeshifting
  6556 | D:8      | XOM: smoke on damage
  6566 | D:8      | XOM: scenery: summon butterflies
  6618 | D:8      | XOM: enchant monster (good)
  6622 | D:8      | XOM: cast spell 'Leda's Liquefaction'
  6626 | D:8      | XOM: confusion
  6724 | D:8      | Identified the +0 hand axe of the Distant Future {pain,
                  | rElec Will+ Str+5 Dex+4}
  6919 | D:8      | XOM: cleaving
  6933 | D:8      | Found a shimmering blue altar of Sif Muna.
  7068 | D:9      | XOM: stealth player
  7069 | D:9      | Noticed a two-headed ogre
  7086 | Lair:1   | Entered Level 1 of the Lair of Beasts
  7123 | Lair:1   | Reached XP level 11. HP: 87/87 MP: 19/19
  7190 | Lair:1   | XOM: smoke on damage
  7203 | Lair:1   | Reached skill level 5 in Conjurations
  7203 | Lair:1   | Reached skill level 5 in Hexes
  7203 | Lair:1   | Reached skill level 5 in Summonings
  7203 | Lair:1   | Reached skill level 5 in Necromancy
  7203 | Lair:1   | Reached skill level 5 in Translocations
  7203 | Lair:1   | Reached skill level 5 in Transmutations
  7203 | Lair:1   | Reached skill level 5 in Fire Magic
  7203 | Lair:1   | Reached skill level 5 in Ice Magic
  7203 | Lair:1   | Reached skill level 5 in Air Magic
  7203 | Lair:1   | Reached skill level 5 in Earth Magic
  7203 | Lair:1   | Reached skill level 5 in Poison Magic
  7280 | Lair:1   | Found a gate leading to a gauntlet.
  7309 | Gauntlet | Entered a Gauntlet
  7309 | Gauntlet | Found a transporter.
  7309 | Gauntlet | Found a transporter.
  7316 | Gauntlet | Noticed a fire crab
  7323 | Gauntlet | Found a transporter.
  7324 | Gauntlet | Found a transporter.
  7328 | Gauntlet | Noticed a moth of wrath
  7332 | Gauntlet | Found a transporter.
  7335 | Gauntlet | Found a transporter.
  7342 | Gauntlet | Found a runed translucent door.
  7344 | Gauntlet | Found a transporter.
  7361 | Gauntlet | Noticed a sixfirhy
  7363 | Gauntlet | Found a transporter.
  7365 | Gauntlet | Noticed a sixfirhy
  7381 | Gauntlet | Found a transporter.
  7384 | Gauntlet | Noticed a wizard
  7385 | Gauntlet | Found a transporter.
  7395 | Gauntlet | Found a transporter.
  7397 | Gauntlet | Found a transporter.
  7410 | Gauntlet | Noticed a wizard
  7496 | Gauntlet | a wizard changed into a manticore
  7496 | Gauntlet | Noticed a manticore
  7505 | Gauntlet | XOM: god gift: 26 gold pieces
  7511 | Gauntlet | Mangled by a manticore

Illustrated notes

Levels and vault maps discovered:
D:1:      co_arrival_square_in_a_square_in_a_square, layout_basic,
          minmay_misc_feat_hallway
D:2:      layout_rooms, uniq_robin, uniq_natasha
D:3:      layout_basic, serial_park_tiny_pond
D:4:      layout_loops_corners, mainiacjoe_overflow_catch_the_wave,
          gup_sewer_entry_bubbles, nicolae_goblin_pals
D:5:      layout_loops_corners, ebering_ghost_inner_flame,
          nicolae_zen_rock_garden, uniq_ijyb, uniq_duvessa
D:6:      layout_loops_ring, minmay_temple_entry_mini_moons
D:7:      layout_cave_pods, mainiacjoe_overflow_big_doors, uniq_jeremiah
D:8:      layout_rooms, kennysheep_orc_sif_temple, overflow_temple_1_default,
          erik_lair_orcish_takeover, uniq_maurice, uniq_joseph, uniq_amaemon
D:9:      layout_rooms, mainiacjoe_overflow_concentric_impassable, serial_bayou,
          serial_bayou_crossing, serial_bayou_lake_a, serial_bayou_pond_b,
          serial_bayou_lagoon_a
Temple:   hellmonk_temple_two_chambers
Lair:1:   layout_cave_pods, gauntlet_entry_generic
Gauntlet: minmay_gauntlet_mixed_big_or_small [gammafunk_gauntlet_arena_split_x,
          minmay_gauntlet_arena_77_box, nicolae_gauntlet_swirl,
          minmay_gauntlet_arena_77_squiggly, nicolae_gauntlet_arena_quarters,
          minmay_gauntlet_arena_77_path, gauntlet_exit_green]

Skill      XL: |  1  2  3  4  5  6  7  8  9 10 11 |
---------------+----------------------------------+-----
Short Blades   | 1 2 3 4 5 6 |  6.1
Long Blades    | 1 2 3 4 5 6 |  6.1
Axes           | 1 2 3 4 5 6 |  6.1
Maces & Flails | 1 2 3 4 5 6 |  6.1
Staves         | 1 2 3 4 5 6 |  6.1
Ranged Weapons | 1 2 3 4 5 6 |  6.1
Throwing       | 1 2 3 4 5 6 |  6.1
Stealth        | 1 2 3 4 5 6 |  6.1
Shields        | 1 2 3 4 5 6 |  6.1
Unarmed Combat | 1 2 3 4 5 6 |  6.1
Spellcasting   | 1 2 3 4 5 6 |  6.1
Invocations    | 1 2 3 4 5 6 |  6.6
Evocations     | 1 2 3 4 5 6 |  6.1
Shapeshifting  | 1 2 3 4 5 |  5.5
Conjurations   | 1 2 3 4 5 |  5.0
Hexes          | 1 2 3 4 5 |  5.0
Summonings     | 1 2 3 4 5 |  5.0
Necromancy     | 1 2 3 4 5 |  5.0
Translocations | 1 2 3 4 5 |  5.0
Transmutations | 1 2 3 4 5 |  5.0
Fire Magic     | 1 2 3 4 5 |  5.0
Ice Magic      | 1 2 3 4 5 |  5.0
Air Magic      | 1 2 3 4 5 |  5.0
Earth Magic    | 1 2 3 4 5 |  5.0
Poison Magic   | 1 2 3 4 5 |  5.0
Dodging        | 3 4 5 6 |  6.6
Armour         | 5 6 7 |  7.7
Fighting       | 7 8 9 |  9.0
Polearms       | 7 8 9 |  9.0

Action                     |  1- 3 |  4- 6 |  7- 9 | 10-12 || total
---------------------------+-------+-------+-------+-------++-------
  Melee: Spear             |    65 |   129 |   185 |   171 ||   550
         Bite              |     6 |    16 |    14 |    24 ||    60
         Punch             |     1 |     1 |       |       ||     2
   Fire: Sling             |       |    44 |   130 |    13 ||   187
  Throw: Dart              |       |       |     2 |     5 ||     7
         Throwing net      |       |       |       |     1 ||     1
  Evoke: Wand              |       |       |     8 |    13 ||    21
    Use: Potion            |       |     4 |     2 |     3 ||     9
         Scroll            |       |    11 |     7 |     1 ||    19
   Stab: Paralysed         |     8 |     1 |     7 |     1 ||    17
         Sleeping          |     1 |     5 |     2 |     2 ||    10
         Distracted        |       |     1 |       |       ||     1
         Confused          |       |       |     1 |     1 ||     2
         Petrifying        |       |       |       |     3 ||     3
 Armour: Leather armour    |    11 |    33 |       |    21 ||    65
         Skin              |       |    34 |       |       ||    34
         Troll leather arm |       |     4 |    78 |    60 ||   142
  Dodge: Dodged            |    21 |    44 |    72 |    79 ||   216
  Block: Buckler           |       |       |    39 |    15 ||    54
         Tower shield      |       |       |       |    38 ||    38
         Form:             |       |     1 |       |       ||     1
         Flux              |       |     1 |       |       ||     1

Table legend: (Time is in decaauts)
 A = Elapsed time spent in this place.
 B = Non-inter-level travel time spent in this place.
 C = Inter-level travel time spent in this place.
 D = Time resting spent in this place.
 E = Time spent auto-exploring this place.
 F = Levels seen in this place.
 G = Mean time per level.
                   A        B        C        D        E       F      G
               +--------+--------+--------+--------+--------+-----+--------+
         Total |   7382 |   7059 |    323 |     47 |   5126 |  13 |  567.8 |
       Dungeon |   6804 |   6481 |    323 |     47 |   4866 |   9 |  756.0 |
        Temple |      1 |      1 |      0 |      0 |      0 |   1 |    1.0 |
          Lair |    223 |    223 |      0 |      0 |    128 |   1 |  223.0 |
         Sewer |    151 |    151 |      0 |      0 |      4 |   1 |  151.0 |
      Gauntlet |    201 |    201 |      0 |      0 |    128 |   1 |  201.0 |
               +--------+--------+--------+--------+--------+-----+--------+

Top non-repeatable levels by time:
     D:5: 1087 daAuts
     D:7: 1054 daAuts
     D:4: 1004 daAuts
     D:1: 910 daAuts
     D:6: 713 daAuts
     D:2: 698 daAuts
     D:8: 691 daAuts
     D:3: 636 daAuts
  Lair:1: 223 daAuts
Gauntlet: 201 daAuts
   Sewer: 151 daAuts
     D:9: 8 daAuts
  Temple: 1 daAuts
